 Dungeon Crawl Stone Soup version 0.26.0-10-g1f06aea511 (webtiles) character file.

Game seed: 13600003450634691433

3458 Borgoz the Slasher (level 10, -3/83 HPs)
             Began as a Ghoul Gladiator on Jan 31, 2021.
             Was a Follower of Ashenzari.
             Killed by divine providence
             ... invoked by an orc priest
              (11 damage)
             ... on level 8 of the Dungeon.
             The game lasted 00:18:31 (9054 turns).

Borgoz the Slasher (Ghoul Gladiator)                Turns: 9054, Time: 00:18:32

Health: -3/83      AC:  9    Str: 21    XL:     10   Next: 6%
Magic:  9/9        EV: 20    Int:  3    God:    Ashenzari [*.....]
Gold:   290        SH:  5    Dex: 13    Spells: 9/9 levels left

rFire    . . .     SeeInvis +   a - +2 long sword
rCold    + . .     Faith    .   k - +0 buckler
rNeg     + + +     Spirit   .   e - +2 animal skin
rPois    ∞         Reflect  .   c - +1 helmet
rElec    .         Harm     .   y - +0 cloak of the Storm King {Will+ Str+2}
rCorr    .         Rampage  .   x - +0 pair of gloves
Will     +....                  (no boots)
Stlth    +.........             n - amulet of the acrobat
HPRegen  0.00/turn              f - +4 ring of evasion
MPRegen  0.11/turn              A - ring of see invisible

@: no status effects
A: claws 1, cold resistance 1, negative energy resistance 3, inhibited
regeneration, torment resistance, unbreathing
a: Renounce Religion, Curse Item, Scrying


You were on level 8 of the Dungeon.
You worshipped Ashenzari.
Ashenzari was aware of your devotion.
You visited 2 branches of the dungeon, and saw 9 of its levels.

You collected 290 gold pieces.

Inventory:

Hand Weapons
 a - a +2 long sword (weapon)
 b - a +0 scimitar
 m - the +2 mace "Cyodd" {vorpal, rPois rF- SInv}
   (You found it on level 5 of the Dungeon)

   It inflicts extra damage upon your enemies.
   It makes you vulnerable to fire.
   It protects you from poison.
   It lets you see invisible.
 r - the cursed +2 whip of the Scorching Hero {flame, rF+ Str+4 Int-3}
   (You found it on level 4 of the Dungeon)

   It has been specially enchanted to burn those struck by it, causing extra
   injury to most foes and up to half again as much damage against particularly
   susceptible opponents.
   It affects your strength (+4).
   It affects your intelligence (-3).
   It protects you from fire.
   It has a curse placed upon it.
 s - a +2 dagger of venom
Missiles
 d - a throwing net (quivered)
Armour
 c - a +1 helmet (worn)
 e - a +2 animal skin (worn)
 k - a +0 buckler (worn)
 v - a scarf of repulsion
 x - a +0 pair of gloves (worn)
 y - the +0 cloak of the Storm King (worn) {Will+ Str+2}
   (You found it on level 6 of the Dungeon)

   It affects your strength (+2).
   It affects your willpower, your defense against some magical effects.
Jewellery
 f - a +4 ring of evasion (left hand)
 n - an amulet of the acrobat (around neck)
 A - a ring of see invisible (right hand)
Wands
 o - a wand of acid (7)
 q - a wand of digging (4)
Scrolls
 h - 2 scrolls of remove curse
 i - a scroll of enchant armour
 u - 3 scrolls of teleportation
 z - a scroll of blinking
Potions
 g - a potion of resistance
 j - 4 potions of might
 p - a potion of haste


   Skills:
 + Level 5.8 Fighting
 * Level 7.1 Long Blades
 - Level 1.7 Throwing
 * Level 6.1 Armour
 * Level 7.1 Dodging
 + Level 3.9 Shields


You had 9 spell levels left.
You didn't know any spells.
Your spell library contained the following spells:

 Spells                   Type           Power        Failure   Level
 Corona                   Hex            0%           52%         1
 Ensorcelled Hibernation  Hex/Ice        0%           67%         2
 Confusing Touch          Hex            0%           88%         3
 Dazzling Flash           Conj/Hex       0%           88%         3
 Tukima's Dance           Hex            0%           88%         3


Dungeon Overview and Level Annotations

Branches:
Dungeon (8/15)             Temple (1/1) D:4
   Lair: D:8-11

Altars:
Ashenzari
Dithmenos
Elyvilon
Fedhas
Gozag
Kikubaaqudgha
Nemelex Xobeh
Okawaru
Qazlal
Ru
Sif Muna
Trog
Uskayaw
Vehumet
Wu Jian
Xom
Yredelemnul
Zin
The Shining One
Jiyva

Shops:
D:8 *


Innate Abilities, Weirdness & Mutations

You thrive by killing the living.
You are immune to poison.
You have sharp fingernails.
Your flesh is cold resistant. (rC+)
You are immune to negative energy. (rN+++)
You do not regenerate when monsters are visible.
You are immune to unholy pain and torment.
You can survive without breathing.


Message History

The orc priest is severely wounded.
The orc priest hits you.
* * * LOW HITPOINT WARNING * * *
You block the ice beast's attack.
The orc priest miscasts a cantrip.
You barely miss the orc priest.
The orc priest is severely wounded.
The orc priest hits you but does no damage.
The ice beast closely misses you.
You slash the orc warrior!
The orc warrior is moderately wounded.
The ice beast completely misses you.
You closely miss the ice beast. The orc warrior barely misses you.
The ice beast hits you.
* * * LOW HITPOINT WARNING * * *
The ice beast freezes you. You resist.
* * * LOW HITPOINT WARNING * * *
The orc priest mumbles some strange prayers to Beogh against you.
Beogh smites you!
You die...

..... #. #.# #.
......#.#######.####.=.
.........(.....<.......
..........#....##....(.
.....o###∩..###)<.##.##
.......)#o†####........
......((ooo............
......###o####.#.......
..... #@# #.####..##
.........Y# #.. ..#
.....(.#..# ##.# .#
.....# #... .# # . ..
#... .. ..... .. .....
.......


You could see an orc warrior, an ice beast, 2 orc priests and 2 orcs.

Vanquished Creatures
  Pikel (D:5)
  Grinder (D:3)
  A swamp worm (D:7)
  4 ice beasts
  An orc warrior (D:6)
  4 ogres
  A sky beast (D:6)
  A necrophage (D:5)
  2 centaurs
  A lemure (D:5)
  3 bullfrogs
  3 scorpions (D:8)
  4 howler monkeys
  A bullfrog zombie (D:7)
  A quasit (D:8)
  A hound (D:8)
  2 jellies
  Crazy Yiuf (D:6)
  4 orc priests
  4 orc wizards
  3 iguanas
  7 worker ants
  2 hound skeletons
  Robin (D:2)
  7 gnolls
  10 adders
  2 shadow imps
  2 white imps
  3 ufetubi
  An ooze (D:7)
  An adder skeleton (D:4)
  5 worms
  2 dart slugs
  6 leopard geckos
  35 orcs
  13 bats
  2 giant cockroaches
  17 goblins
  16 hobgoblins
  14 jackals
  2 kobolds
  3 quokkas
  7 frilled lizards
  A leopard gecko skeleton (D:5)
  10 rats
213 creatures vanquished.

Vanquished Creatures (others)
  2 plants (D:7)
2 creatures vanquished.

Grand Total: 215 creatures vanquished

Notes
Turn   | Place    | Note
-------+----------+-------------------------------------------
     0 | D:1      | Borgoz the Ghoul Gladiator began the quest for the Orb.
     0 | D:1      | Reached XP level 1. HP: 17/17 MP: 0/0
   315 | D:1      | Reached XP level 2. HP: 25/25 MP: 1/1
   529 | D:1      | Reached XP level 3. HP: 30/30 MP: 2/2
  1442 | D:2      | Reached skill level 1 in Armour
  1472 | D:2      | Reached XP level 4. HP: 26/37 MP: 3/3
  1875 | D:2      | Found a glowing golden altar of the Shining One.
  2385 | D:2      | Found a broken altar of Ashenzari.
  2394 | D:2      | Became a worshipper of Ashenzari the Shackled
  2536 | D:3      | Noticed Robin
  2862 | D:2      | Killed Robin
  2914 | D:2      | Reached XP level 5. HP: 44/44 MP: 4/4
  3349 | D:3      | Reached XP level 6. HP: 17/51 MP: 5/5
  3770 | D:3      | Noticed Grinder
  3776 | D:3      | Paralysed by Grinder for 3 turns
  3795 | D:3      | Paralysed by Grinder for 5 turns
  3802 | D:3      | Killed Grinder
  3803 | D:3      | Reached skill level 1 in Shields
  3803 | D:3      | Reached XP level 7. HP: 12/57 MP: 6/6
  4454 | D:4      | Got the cursed whip of the Scorching Hero {flame, rF+ Str+4
                  | Int-3}
  4573 | D:4      | Found a staircase to the Ecumenical Temple.
  4580 | Temple   | Entered the Ecumenical Temple
  4762 | D:5      | Entered Level 5 of the Dungeon
  4901 | D:5      | Found a sparkling altar of Nemelex Xobeh.
  5037 | D:5      | Noticed Pikel
  5071 | D:5      | Killed Pikel
  5072 | D:5      | Reached skill level 5 in Long Blades
  5072 | D:5      | Reached skill level 5 in Dodging
  5072 | D:5      | Reached XP level 8. HP: 33/67 MP: 7/7
  5241 | D:5      | Found a shimmering blue altar of Sif Muna.
  5303 | D:5      | Got the mace "Cyodd" {vorpal, rPois rF- SInv}
  5339 | D:5      | Found a hide-covered altar of Uskayaw.
  5437 | D:5      | Found an ornate altar of the Wu Jian Council.
  5437 | D:5      | Found a glowing silver altar of Zin.
  5438 | D:5      | Found a white marble altar of Elyvilon.
  5732 | D:6      | Reached * piety under Ashenzari
  6502 | D:6      | Found a shimmering altar of Xom.
  6531 | D:6      | Got the uncursed cloak of the Storm King {Will+ Str+2}
  6542 | D:6      | Identified the +0 cloak of the Storm King {Will+ Str+2}
                  | (You found it on level 6 of the Dungeon)
  6925 | D:6      | Found a runed translucent door.
  6926 | D:6      | Noticed Crazy Yiuf
  6938 | D:6      | Killed Crazy Yiuf
  6939 | D:6      | Reached XP level 9. HP: 64/73 MP: 8/8
  7030 | D:6      | Found a blossoming altar of Fedhas.
  7506 | D:7      | Reached skill level 5 in Fighting
  7664 | D:7      | Reached skill level 5 in Armour
  8362 | D:7      | Found a shimmering altar of Xom.
  8362 | D:7      | Found a bloodstained altar of Trog.
  8926 | D:8      | Found Vasyvaxt's General Store.
  9024 | D:8      | Reached XP level 10. HP: 17/83 MP: 9/9
  9054 | D:8      | Killed from afar by an orc priest

Illustrated notes

Levels and vault maps discovered:
D:1:      dpeg_cavernosity, layout_basic, hangedman_feature_mirror,
          roderic_serpentine_path
D:2:      layout_basic, overflow_temple_1_default, tso_metal_star
D:3:      layout_rooms, uniq_robin, uniq_grinder
D:4:      layout_rooms, minmay_temple_entry_fiery, minmay_quantized
D:5:      layout_loops_cross, old_standard_altar,
          nicolae_overflow_hidden_temple, nemelex_xobeh_ov_fountains_minmay,
          serial_glass, glass_columns_b, glass_columns_a, glass_columns_b,
          glass_columns_b, glass_columns_a, glass_columns_b, glass_columns_b,
          glass_columns_b, glass_columns_b, glass_columns_a, glass_columns_b,
          glass_columns_b, glass_columns_a, glass_columns_a, led_sif_pool,
          uniq_pikel
D:6:      layout_cave_pods, kennysheep_little_box, serial_glass,
          glass_columns_a, glass_columns_a, xom_teletrap_fun,
          uniq_crazy_yiuf_cottage
D:7:      layout_loops_corners, gammafunk_temple_overflow_pools,
          hangedman_decor_clover_reticule, worms_lemuel
D:8:      layout_rooms, gammafunk_ghost_abyssal_escape, enter_ossuary_5,
          serial_shops, shop, special_room [special_room_orc], enter_bailey_4,
          grunt_decor_arrowhead
Temple:   pf_slime_end_temple

Skill      XL: |  1  2  3  4  5  6  7  8  9 |
---------------+----------------------------+-----
Long Blades    | 3 4 5 6 7 |  7.1
Dodging        | 3 4 5 7 |  7.1
Armour         | 1 2 4 6 |  6.1
Fighting       | 3 4 5 |  5.8
Shields        | 1 2 3 |  3.9
Throwing       | |  1.7

Action                   |  1- 3 |  4- 6 |  7- 9 | 10-12 || total
-------------------------+-------+-------+-------+-------++-------
Melee: Long sword        |   105 |   171 |   425 |    28 ||   729
Throw: Throwing net      |       |     2 |     4 |       ||     6
  Use: Potion            |     1 |     7 |     4 |     1 ||    13
       Scroll            |       |     3 |    12 |       ||    15
 Stab: Invisible         |       |       |     1 |       ||     1
       Sleeping          |       |       |     3 |       ||     3
Armor: Leather armour    |    60 |    13 |       |       ||    73
       Animal skin       |       |    28 |    79 |     3 ||   110
Dodge: Dodged            |    86 |   218 |   466 |    30 ||   800
Block: Buckler           |       |    28 |   107 |    11 ||   146
       Rpst.: Long sword |    33 |    66 |   127 |     7 ||   233
